 Dungeon Crawl Stone Soup version 0.32-a0-931-g5a2cda0630 (webtiles) character file.

Game seed: 9736060041290204319

414 Meejax the Slasher (level 6, 46/46 HPs)
             Began as a Demonspawn Gladiator on Apr 13, 2024.
             Was a High Priest of Ignis.
             Quit the game on level 3 of the Dungeon.
             The game lasted 00:05:38 (2647 turns).

Meejax the Slasher (Demonspawn Gladiator)           Turns: 2647, Time: 00:05:38

Health: 46/46      AC:  7    Str: 15    XL:     6   Next: 60%
Magic:  6/6        EV: 11    Int:  8    God:    Ignis [*****.]
Gold:   122        SH:  0    Dex: 16    Spells: 5/5 levels left

rFire   . . .        a - +0 long sword
rCold   + . .        (no shield)
rNeg    . . .        f - +1 ring mail
rPois   .            c - +0 helmet
rElec   +            (no cloak)
rCorr   .            (no gloves)
SInv    .            (no boots)
Will    .....        (no amulet)
Stlth   +            o - ring of Joepexke {Ice rElec}
HPRegen 0.27/turn    (no ring)
MPRegen 0.10/turn

%: no passive effects
@: no status effects
A: claws 2, demonic guardian 1, spiny 1
a: Renounce Religion, Fiery Armour, Foxfire Swarm, Rising Flame


You were on level 3 of the Dungeon.
You worshipped Ignis.
Ignis was extremely pleased with you.
You visited 1 branch of the dungeon, and saw 3 of its levels.

You collected 122 gold pieces.

Inventory:

Hand Weapons
 a - a +0 long sword (weapon)
Missiles
 d - a throwing net (quivered)
 e - a javelin
Armour
 b - a +0 leather armour
 c - a +0 helmet (worn)
 f - a +1 ring mail (worn)
Jewellery
 o - the ring of Joepexke (left claw) {Ice rElec}
   (You found it on level 2 of the Dungeon)

   [ring of ice]

   Ice:       It enhances your ice magic.
   rF-:       It makes you vulnerable to fire.
   rC+:       It protects you from cold.
   rElec:     It insulates you from electricity.
Scrolls
 h - a scroll of blinking
 k - a scroll of amnesia
 l - a scroll of enchant armour
 n - a scroll of teleportation
Potions
 j - a potion of attraction


   Skills:
 + Level 2.9 Fighting
 + Level 4.8 Long Blades
 + Level 1.8 Throwing
 + Level 2.5 Armour
 + Level 4.1 Dodging
 + Level 0.5 Stealth


You had 5 spell levels left.
You didn't know any spells.
Your spell library contained the following spells:

 Spells                   Type           Power      Damage    Failure   Level
 Call Imp                 Summ           0%         N/A       77%         2
 Sublimation of Blood     Necr           0%         N/A       77%         2
 Summon Hydra             Summ           0%         N/A       100%        7


Dungeon Overview and Level Annotations

Branches:
Dungeon (3/15)

Altars:
Wu Jian
Ignis

Shops:
D:3 [


Innate Abilities, Weirdness & Mutations

You have very sharp fingernails.
A weak demonic guardian rushes to your aid.
You are partially covered in sharp spines.


Message History

Jfitz's ghost barely misses your white imp.
You hit jfitz's ghost.
Jfitz's ghost is severely damaged.
Your white imp barely misses jfitz's ghost.
Jfitz's ghost is struck by your spines. Jfitz's ghost completely misses you.
You hit jfitz's ghost but do no damage.
Jfitz's ghost is severely damaged.
Your white imp disappears in a puff of smoke!
Jfitz's ghost is struck by your spines. Jfitz's ghost hits you. x2
You barely miss jfitz's ghost.
Jfitz's ghost is almost destroyed.
Jfitz's ghost casts a spell at you. The fragment of death hits you!
You feel drained.
You closely miss jfitz's ghost.
Jfitz's ghost is almost destroyed.
Jfitz's ghost closely misses you.
You barely miss jfitz's ghost.
Jfitz's ghost is almost destroyed.
Jfitz's ghost is struck by your spines. Jfitz's ghost hits you.
You hit jfitz's ghost.
Jfitz's ghost is almost destroyed.
Jfitz's ghost hits you but does no damage.
You hit jfitz's ghost.
You destroy jfitz's ghost!
Your life force feels restored.
Your Armour skill increases to level 2!
Your Dodging skill increases to level 4!
You have reached level 6!
Your demonic ancestry asserts itself...
Your fingernails sharpen.
There is an open translucent door here.
You see here a +0 spear.
You feel less attractive to monsters.
There is an open translucent door here.
There is a stone staircase leading up here.
There is an escape hatch in the floor here.
Found 5 poisoned darts.
Done exploring.
Done exploring.
Are you sure you want to abandon this character and quit the game? (Confirm with "yes".)

#ß[ß#.# #...#.#
#♣.♣#.# #...#.######
#ß.ß#.......
#...#.####..
#ß.ß#......#
#######...#.######
#@....#♣.ß#.#
#.#####...#.#
#.###.#ß.ß#.#####
#.##.##...##....#
###.###.##..#.###.#
#........##..## #.#
#.##.####.#.## #.#
#.##.# ##.## #.#
###.##.#####.######.#


There were no monsters in sight!

Vanquished Creatures
  The ghost of jfitz the Chopper, an amateur MDRe of Dithmenos (D:3)
  A hound (D:3)
  Jessica (D:3)
  A gnoll (D:3)
  7 adders
  2 dart slugs
  A ribbon worm (D:2)
  6 ball pythons
  5 endoplasms
  2 giant cockroaches
  4 hobgoblins
  6 jackals
  3 quokkas
  4 bats
  3 frilled lizards
  2 goblins
  5 rats
54 creatures vanquished.

Vanquished Creatures (collateral kills)
  2 gnolls (D:3)
2 creatures vanquished.

Vanquished Creatures (others)
  8 foxfires (D:3)
8 creatures vanquished.

Grand Total: 64 creatures vanquished

Notes
Turn   | Place    | Note
-------+----------+-------------------------------------------
     0 | D:1      | Meejax the Demonspawn Gladiator began the quest for the
                  | Orb.
     0 | D:1      | Reached XP level 1. HP: 16/16 MP: 1/1
   313 | D:1      | Gained mutation: A weak demonic guardian rushes to your
                  | aid. [demonic ancestry]
   313 | D:1      | Reached XP level 2. HP: 22/22 MP: 2/2
   902 | D:2      | Gained mutation: You are partially covered in sharp spines.
                  | [demonic ancestry]
   902 | D:2      | Reached XP level 3. HP: 7/27 MP: 3/3
  1381 | D:2      | Identified the ring of Joepexke {Ice rElec}
  1728 | D:3      | Reached skill level 1 in Armour
  1744 | D:3      | Gained mutation: You have sharp fingernails. [demonic
                  | ancestry]
  1744 | D:3      | Reached XP level 4. HP: 29/34 MP: 4/4
  1766 | D:3      | Found an ornate altar of the Wu Jian Council.
  2033 | D:3      | Found a faded altar of an unknown god.
  2037 | D:3      | Found Motauc's Antique Armour Shop.
  2045 | D:3      | Prayed at the altar of an unknown god.
  2045 | D:3      | Became a worshipper of Ignis, the Dying Flame
  2103 | D:3      | Noticed Jessica
  2108 | D:3      | Reached XP level 5. HP: 38/39 MP: 5/5
  2117 | D:3      | Killed Jessica
  2209 | D:3      | Found a runed translucent door.
  2209 | D:3      | Noticed jfitz's ghost (amateur MDRe)
  2459 | D:3      | Killed jfitz's ghost
  2460 | D:3      | Gained mutation: You have very sharp fingernails. [demonic
                  | ancestry]
  2460 | D:3      | Reached XP level 6. HP: 17/46 MP: 6/6
  2647 | D:3      | Quit the game

Illustrated notes

Levels and vault maps discovered:
D:1:      psy_arrival_basics, layout_basic, ebering_dispersal_statue_hall
D:2:      layout_basic, serial_bayou, serial_bayou_pond_e,
          serial_bayou_lagoon_b, serial_bayou_pond_d, serial_bayou_crossing
D:3:      layout_loops_ring, nicolae_wu_jian_wuxing_cycle,
          basic_ecumenical_altar, serial_shops, nicolae_shop_crystal,
          gammafunk_ghost_grave, chequers_avenue, wad_floor_pattern_2,
          kennysheep_jessica_study

Skill      XL: |  1  2  3  4  5 |
---------------+----------------+-----
Dodging        | 3 4 |  4.1
Long Blades    | 3 4 |  4.8
Armour         | 1 2 |  2.5
Fighting       | |  2.9
Throwing       | |  1.8
Stealth        | |  0.5

Action                     |  1- 3 |  4- 6 || total
---------------------------+-------+-------++-------
  Melee: Long sword        |   109 |    55 ||   164
  Throw: Throwing net      |       |     2 ||     2
 Invoke: Foxfire Swarm     |       |     1 ||     1
    Use: Potion            |     1 |     5 ||     6
         Scroll            |     5 |     2 ||     7
   Stab: Sleeping          |     1 |       ||     1
 Armour: Leather armour    |    56 |       ||    56
         Ring mail         |    18 |    38 ||    56
  Dodge: Dodged            |    77 |    36 ||   113

Table legend: (Time is in decaauts)
 A = Elapsed time spent in this place.
 B = Non-inter-level travel time spent in this place.
 C = Inter-level travel time spent in this place.
 D = Time resting spent in this place.
 E = Time spent auto-exploring this place.
 F = Levels seen in this place.
 G = Mean time per level.
                   A        B        C        D        E       F      G
               +--------+--------+--------+--------+--------+-----+--------+
         Total |   2713 |   2609 |    104 |    223 |   1917 |   3 |  904.3 |
       Dungeon |   2713 |   2609 |    104 |    223 |   1917 |   3 |  904.3 |
               +--------+--------+--------+--------+--------+-----+--------+

Top non-repeatable levels by time:
     D:3: 944 daAuts
     D:2: 885 daAuts
     D:1: 882 daAuts
